 Dungeon Crawl Stone Soup version 0.29-a0-857-g9b1aa3ac5b (webtiles) character file.

Game seed: 11900170923972300361

95 xian the Magician (level 4, -1/31 HPs)
             Began as a Demonspawn Hedge Wizard on July 17, 2022.
             Slain by Grinder (8 damage)
             ... on level 3 of the Dungeon.
             The game lasted 00:06:10 (3114 turns).

xian the Magician (Demonspawn Hedge Wizard)         Turns: 3114, Time: 00:06:11

Health: -1/31      AC:  2    Str: 12    XL:     4   Next: 40%
Magic:  7/10       EV: 12    Int: 15    God:
Gold:   111        SH:  0    Dex: 13    Spells: 9/11 levels left

rFire   . . .      SeeInvis .   a - +0 dagger
rCold   . . .      Faith    .   (no shield)
rNeg    . . .      Spirit   .   b - +0 robe
rPois   .          Reflect  .   c - +0 hat
rElec   .          Harm     .   (no cloak)
rCorr   .          Rampage  .   (no gloves)
Will    .....                   (no boots)
Stlth   ++........              (no amulet)
HPRegen 0.10/turn               (no ring)
MPRegen 0.12/turn               (no ring)

@: no status effects
A: horns 1, powered by death 1
a: no special abilities


You were on level 3 of the Dungeon.
You visited 1 branch of the dungeon, and saw 3 of its levels.

You collected 111 gold pieces.

Inventory:

Hand Weapons
 a - a +0 dagger (weapon)
Missiles
 i - 2 poisoned darts
Armour
 b - a +0 robe (worn)
 c - a +0 hat (worn)
Scrolls
 f - 2 scrolls of identify
 h - 2 scrolls of blinking
 j - 2 scrolls of poison
 m - a scroll of amnesia
Potions
 d - a potion of magic
 e - 4 potions of flight
 g - a potion of heal wounds
 k - a potion of ambrosia
 l - a potion of mutation {unknown}


   Skills:
 + Level 0.3 Fighting
 + Level 0.5 Short Blades
 + Level 2.1 Dodging
 + Level 2.0 Stealth
 + Level 4.1 Spellcasting
 + Level 2.2 Conjurations
 + Level 1.0 Summonings
 + Level 0.8 Translocations


You had 9 spell levels left.
You knew the following spells:

 Your Spells              Type           Power      Damage    Failure   Level
a - Magic Dart            Conj           36%        1d4       7%          1
b - Slow                  Hex            12%        N/A       19%         1

Your spell library contained the following spells:

 Spells                   Type           Power      Damage    Failure   Level
 Blink                    Tloc           10%        N/A       19%         2
 Call Imp                 Summ           6%         N/A       19%         2
 Conjure Flame            Conj/Fire      6%         6-21      34%         3
 Mephitic Cloud           Conj/Pois/Air  5%         N/A       36%         3


Dungeon Overview and Level Annotations

Branches:
Dungeon (3/15)

Altars:

Shops:
D:1 *

Annotations:
D:3 Grinder


Innate Abilities, Weirdness & Mutations

You have a pair of small horns on your head.
You regenerate a little health from kills.


Message History

Aim: Grinder (lightly wounded, chance to affect: 37%) Grinder easily resists.
Casting: Slow (safe; 19% risk of failure)
Confirm with . or Enter, or press ? or * to list all spells.
Aiming: Slow (safe; 19% risk of failure)
Press: ? - help, Shift-Dir - straight line, f/p - Grinder
Aim: Grinder (lightly wounded, chance to affect: 37%) Grinder seems to slow down.
There is an open door here.
Grinder hits you.
You writhe in agony.
You hit Grinder but do no damage. Your headbutt misses Grinder.
Grinder is lightly wounded.
Grinder is no longer moving slowly.
You hit Grinder.
Grinder is lightly wounded.
Grinder misses you.
You hit Grinder.
Grinder is lightly wounded.
Grinder hits you!
You closely miss Grinder.
Grinder is lightly wounded.
Grinder hits you.
You hit Grinder but do no damage.
Grinder is lightly wounded.
Grinder hits you!
* * * LOW HITPOINT WARNING * * *
There is an open door here.
You feel much better.
Grinder says, "You look like you could use a good racking."
Grinder hits you!
You writhe in agony.
Grinder is nearby!
Memorise Call Imp, consuming 2 spell levels and leaving 7?
Grinder closely misses you.
You start memorising the spell.
You continue memorising.
Grinder completely misses you.
You continue memorising.
Grinder hits you.
Your memorisation is interrupted.
You writhe in agony.
* * * LOW HITPOINT WARNING * * *
Grinder attacks as you move away! Grinder hits you!
You die...

##.......## #.........#
+.........+ #.........#
## #.......# ..# #.....#
# #.# #...# #.#.# ##5##
#.#.## #@# ....# #.#
###..### ##.##
#...<..######...#####
###.#..#.#..............
.......#.#.####...######
###.##.....# ##.##
#.####.### #.# #.####.#
#.#


You could see Grinder.

Vanquished Creatures
  4 adders (D:2)
  2 dart slugs
  9 ball pythons
  5 bats
  7 endoplasms
  7 goblins
  4 hobgoblins
  2 quokkas (D:1)
  3 frilled lizards
  8 kobolds
  3 rats (D:1)
54 creatures vanquished.

Notes
Turn   | Place    | Note
-------+----------+-------------------------------------------
     0 | D:1      | xian the Demonspawn Hedge Wizard began the quest for the
                  | Orb.
     0 | D:1      | Reached XP level 1. HP: 13/13 MP: 4/4
   271 | D:1      | Gained mutation: You regenerate a little health from kills.
                  | [demonic ancestry]
   271 | D:1      | Reached XP level 2. HP: 10/19 MP: 1/6
   638 | D:1      | Found Wugyk's Assorted Antiques.
  1039 | D:1      | Reached XP level 3. HP: 24/24 MP: 4/8
  2140 | D:2      | Reached skill level 4 in Spellcasting
  2140 | D:2      | Gained mutation: You have a pair of small horns on your
                  | head. [demonic ancestry]
  2140 | D:2      | Reached XP level 4. HP: 30/30 MP: 5/10
  2549 | D:2      | Found a faded altar of an unknown god.
  3093 | D:3      | Noticed Grinder
  3098 | D:3      | Learned a level 1 spell: Slow
  3114 | D:3      | Slain by Grinder

Illustrated notes

Levels and vault maps discovered:
D:1:      kilobyte_arrival_exit_the_forest, layout_basic, serial_shops,
          nicolae_shop_statue_plus
D:2:      layout_basic, dreamdust_ecumenical_altar_angels_and_demons,
          serial_aquarium, aquarium_bridge_long_joined
          [aquarium_subvault_bridge, aquarium_subvault_window,
          aquarium_subvault_window, aquarium_subvault_window,
          aquarium_subvault_bridge, aquarium_subvault_bridge],
          aquarium_window_corridor_1, aquarium_window_fake,
          aquarium_window_fake, aquarium_window_1, aquarium_view_2d,
          aquarium_view_2d, aquarium_pool_five,
          wander_ebering_terrifying_dragon_lair
D:3:      layout_loops_corners, uniq_grinder

Skill      XL: |  1  2  3 |
---------------+----------+-----
Dodging        | 2 |  2.1
Stealth        | 2 |  2.0
Spellcasting   | 4 |  4.1
Conjurations   | 2 |  2.2
Fighting       | |  0.3
Short Blades   | |  0.5
Summonings     | |  1.0
Translocations | |  0.8

Action                   |  1- 3 |  4- 6 || total
-------------------------+-------+-------++-------
Melee: Dagger            |    49 |     7 ||    56
       Headbutt          |       |     2 ||     2
 Cast: Magic Dart        |    85 |    25 ||   110
       Slow              |       |     2 ||     2
  Use: Scroll            |     7 |       ||     7
       Potion            |       |     1 ||     1
Armor: Robe              |     5 |     1 ||     6
Dodge: Dodged            |    42 |     5 ||    47

Table legend: (Time is in decaauts)
 A = Elapsed time spent in this place.
 B = Non-inter-level travel time spent in this place.
 C = Inter-level travel time spent in this place.
 D = Time resting spent in this place.
 E = Time spent auto-exploring this place.
 F = Levels seen in this place.
 G = Mean time per level.
                   A        B        C        D        E       F      G
               +--------+--------+--------+--------+--------+-----+--------+
         Total |   3119 |   3017 |    102 |      0 |   2625 |   3 | 1039.7 |
       Dungeon |   3119 |   3017 |    102 |      0 |   2625 |   3 | 1039.7 |
               +--------+--------+--------+--------+--------+-----+--------+

Top non-repeatable levels by time:
     D:1: 1550 daAuts
     D:2: 1521 daAuts
     D:3: 47 daAuts
